 Dungeon Crawl Stone Soup version 0.30-a0-377-g5cb311bc9f (webtiles) character file.

Game seed: 10734636475354628080

1001 bande the Chopper (level 8, 0/49 HPs)
             Began as a Gargoyle Fighter on Nov 29, 2022.
             Slain by an orc warrior
             ... wielding a +0 trident
              (5 damage)
             ... on level 5 of the Dungeon.
             The game lasted 00:10:56 (4279 turns).

bande the Chopper (Gargoyle Fighter)                Turns: 4279, Time: 00:10:56

Health: 0/49       AC: 18    Str: 23    XL:     8   Next: 20%
Magic:  0/8        EV:  9    Int:  9    God:
Gold:   1284       SH:  5    Dex: 11    Spells: 7/7 levels left

rFire   + . .      SeeInvis .    a - +0 war axe
rCold   + . .      Faith    .    c - +0 buckler
rNeg    + . .      Spirit   +    b - +0 scale mail
rPois   ∞          Reflect  .    s - +1 helmet of Makhleb, Slashing {*Slow rElec Will++ Str+3}
rElec   +          Harm     .    x - scarf {rC+ rF+}
rCorr   .          Rampage  .    i - +2 pair of gloves
Will    ++...                    (no boots)
Stlth   ..........               n - amulet of guardian spirit
HPRegen 0.28/turn                (no ring)
MPRegen 0.11/turn                (no ring)

@: no status effects
A: sickness immunity, AC +5, negative energy resistance 1, electricity
resistance, torment resistance 1, petrification resistance
a: no special abilities


You were on level 5 of the Dungeon.
You visited 1 branch of the dungeon, and saw 5 of its levels.

You collected 1284 gold pieces.

Inventory:

Hand Weapons
 a - a +0 war axe (weapon)
 o - a +0 flail
Armour
 b - a +0 scale mail (worn)
 c - a +0 buckler (worn)
 f - a +0 helmet
 g - a +0 hat
 i - a +2 pair of gloves (worn)
 s - the +1 helmet of Makhleb, Slashing (worn) {*Slow rElec Will++ Str+3}
   (You took it off Robin on level 4 of the Dungeon)

   Str:       It affects your strength (+3).
   rElec:     It insulates you from electricity.
   *Slow:     It may slow you when you take damage.
   Will:      It greatly increases your willpower.
 x - a scarf of resistance (worn)
Jewellery
 m - an amulet of magic regeneration
 n - an amulet of guardian spirit (around neck)
 y - the ring of Scepticism {Fire *Corrode rPois rN+ Dex+8}
   (You found it on level 5 of the Dungeon)

   [ring of fire]

   It enhances your fire magic.
   Dex:       It affects your dexterity (+8).
   rF:        It protects you from fire.
   rC:        It makes you vulnerable to cold.
   rPois:     It protects you from poison.
   rN:        It protects you from negative energy.
   *Corrode:  It may corrode you when you take damage.
Wands
 w - a wand of roots (7)
Scrolls
 t - a scroll of vulnerability {unknown}
 u - a scroll of butterflies
 v - a scroll of identify
Potions
 d - 4 potions of might
 e - 3 potions of curing
 h - 2 potions of brilliance
 j - 2 potions of heal wounds
 k - a potion of resistance
 l - a potion of magic
 p - a potion of berserk rage
 q - a potion of haste {unknown}
 r - a potion of mutation {unknown}


   Skills:
 + Level 5.2 Fighting
 + Level 6.1 Axes
 + Level 6.0 Armour
 - Level 0.1 Dodging
 + Level 4.4 Shields


You had 7 spell levels left.
You didn't know any spells.
Your spell library was empty.

Dungeon Overview and Level Annotations

Branches:
Dungeon (5/15)
 Temple: D:4-7

Altars:
Fedhas
Sif Muna

Shops:
D:1 !


Innate Abilities, Weirdness & Mutations

You are immune to sickness and miasma.
Your stone body is resilient. (AC +5)
You are immune to poison.
You resist negative energy. (rN+)
You are resistant to electric shocks. (rElec)
You are resistant to unholy torment.
You are immune to petrification.


Message History

The orc warrior is heavily wounded.
The orc warrior hits you with a +0 trident!
* * * LOW HITPOINT WARNING * * *
Unknown command.
You hit the orc warrior but do no damage.
The orc warrior is heavily wounded.
The orc warrior completely misses you.
You hit the orc warrior but do no damage.
The orc warrior is heavily wounded.
The orc warrior completely misses you. The orc warrior barely misses you.
Unknown command.
You hit the orc warrior.
The orc warrior is severely wounded.
The orc warrior hits you but does no damage.
You barely miss the orc warrior.
The orc warrior is severely wounded.
The orc warrior closely misses you.
You closely miss the orc warrior.
The orc warrior is severely wounded.
The orc warrior barely misses you.
Unknown command.
You barely miss the orc warrior.
The orc warrior is severely wounded.
The orc warrior barely misses you.
The orc warrior hits you with a +0 trident.
* * * LOW HITPOINT WARNING * * *
You hit the orc warrior but do no damage.
The orc warrior is severely wounded.
The orc warrior hits you but does no damage.
You closely miss the orc warrior.
The orc warrior is severely wounded.
The orc warrior hits you with a +0 trident!
* * * LOW HITPOINT WARNING * * *
You completely miss the orc warrior.
The orc warrior is severely wounded.
The orc warrior hits you but does no damage.
You hit the orc warrior but do no damage.
The orc warrior is severely wounded.
The orc warrior hits you with a +0 trident.
You die...

..######....# .#
............#.......
............# .....
............+ .....
............# ... #
............# ... .#
..####..##..# #l# .#
. #+###..####o##..##
#.....#@.....#
#.....'.)....#
###..#####..## #..#
+# #... #..(. +.....
#######


You could see an orc warrior and an iguana.

Vanquished Creatures
  Sigmund (D:3)
  Edmund (D:4)
  An ice beast (D:5)
  A sky beast (D:3)
  A phantom (D:4)
  3 scorpions (D:4)
  2 hounds (D:4)
  A jelly (D:4)
  An iguana (D:4)
  Robin (D:4)
  6 adders
  2 dart slugs
  9 orcs
  5 ball pythons
  4 bats
  7 endoplasms
  A giant cockroach (D:1)
  18 goblins
  13 hobgoblins
  5 quokkas
  10 frilled lizards
  6 kobolds
  3 rats
102 creatures vanquished.

Notes
Turn   | Place    | Note
-------+----------+-------------------------------------------
     0 | D:1      | bande the Gargoyle Fighter began the quest for the Orb.
     0 | D:1      | Reached XP level 1. HP: 14/14 MP: 1/1
   229 | D:1      | Reached XP level 2. HP: 19/19 MP: 2/2
   368 | D:1      | Found Saiwotex's Distillery.
   452 | D:1      | Reached XP level 3. HP: 19/24 MP: 3/3
  1169 | D:2      | Reached XP level 4. HP: 29/29 MP: 4/4
  2599 | D:3      | Noticed Sigmund
  2624 | D:3      | Killed Sigmund
  2625 | D:3      | Reached XP level 5. HP: 15/33 MP: 5/5
  2625 | D:3      | Reached XP level 6. HP: 17/38 MP: 6/6
  2711 | D:3      | Noticed a sky beast
  2725 | D:3      | Killed a sky beast
  2726 | D:3      | Reached skill level 5 in Armour
  2834 | D:3      | Identified the +4 dagger of the Desert {vorpal, rF+ Dex+5}
  2954 | D:3      | Found a blossoming altar of Fedhas.
  3377 | D:4      | Identified the +1 helmet of Makhleb, Slashing {*Slow rElec
                  | Will++ Str+3}
  3377 | D:4      | Noticed Robin
  3385 | D:4      | Reached XP level 7. HP: 35/44 MP: 3/7
  3395 | D:4      | Killed Robin
  3517 | D:4      | Reached skill level 5 in Axes
  3795 | D:4      | Noticed Edmund
  3805 | D:4      | Killed Edmund
  3806 | D:4      | Reached skill level 5 in Fighting
  3806 | D:4      | Reached XP level 8. HP: 18/49 MP: 3/8
  3917 | D:4      | Found a shimmering blue altar of Sif Muna.
  3923 | D:4      | Identified a scroll of acquirement
  3923 | D:4      | Acquired 1078 gold pieces
  4231 | D:5      | Entered Level 5 of the Dungeon
  4238 | D:5      | Identified the ring of Scepticism {Fire *Corrode rPois rN+
                  | Dex+8}
  4279 | D:5      | Slain by an orc warrior

Illustrated notes

Levels and vault maps discovered:
D:1:      lemuel_arrival_muddy, layout_loops_ring, serial_shops,
          nicolae_diamond_shop, nrook_campfire, st_stairs_1, minmay_lizard_pond
D:2:      layout_basic, serial_co_window_serial, co_window_paths_a,
          co_window_paths_a, co_window_paths_a, co_window_paths_a,
          co_window_of_opportunity_a, co_window_broadway_a, co_window_corner_ca,
          co_window_2corner, co_window_unsneaky_path_e
D:3:      layout_loops_ring, fedhas_altar_1, uniq_sigmund
D:4:      layout_cave_pools, nicolae_overflow_crystal_walls, uniq_robin,
          uniq_edmund
D:5:      layout_gridville, nicolae_shop_vocational

Skill      XL: |  1  2  3  4  5  6  7  8 |
---------------+-------------------------+-----
Axes           | 2 3 4 6 |  6.1
Armour         | 4 5 6 |  6.0
Fighting       | 4 5 |  5.2
Shields        | 4 |  4.4
Dodging        | |  0.1

Action                   |  1- 3 |  4- 6 |  7- 9 || total
-------------------------+-------+-------+-------++-------
Melee: War axe           |   115 |   114 |   106 ||   335
  Use: Scroll            |     3 |     8 |     3 ||    14
Armor: Scale mail        |    76 |   102 |    62 ||   240
Dodge: Dodged            |    55 |    54 |    59 ||   168
Block: Buckler           |    24 |    32 |    17 ||    73

Table legend: (Time is in decaauts)
 A = Elapsed time spent in this place.
 B = Non-inter-level travel time spent in this place.
 C = Inter-level travel time spent in this place.
 D = Time resting spent in this place.
 E = Time spent auto-exploring this place.
 F = Levels seen in this place.
 G = Mean time per level.
                   A        B        C        D        E       F      G
               +--------+--------+--------+--------+--------+-----+--------+
         Total |   4408 |   4133 |    275 |    407 |   2629 |   5 |  881.6 |
       Dungeon |   4408 |   4133 |    275 |    407 |   2629 |   5 |  881.6 |
               +--------+--------+--------+--------+--------+-----+--------+

Top non-repeatable levels by time:
     D:2: 1401 daAuts
     D:3: 1001 daAuts
     D:1: 977 daAuts
     D:4: 974 daAuts
     D:5: 53 daAuts
